[Event "January 2 Late 2024"]
[Site "https://www.chess.com"]
[Date "2024.01.02"]
[Round "2"]
[White "Kostiukov, Alexandr"]
[Black "Sonnenschein, Philipp"]
[Result "1-0"]
[Board "168"]
[TimeControl "180+1"]
[WhiteFideId "14108100"]
[BlackFideId "16250877"]
[WhiteElo "2331"]
[BlackElo "2509"]
[WhiteTeam "UKR"]
[BlackTeam "GER"]
[WhiteClock "0:00:36"]
[BlackClock "0:00:38"]

1. g3 d5 2. Bg2 e5 3. c4 c6 4. cxd5 cxd5 5. d4 e4 6. Nh3 Nc6 7. O-O Be7 8. Nc3 Nf6 9. Bg5 O-O 10. Nf4 Be6 11. e3 Rc8 12. f3 exf3 13. Qxf3 Bg4 14. Qf2 Re8 15. Bxf6 Bxf6 16. Nfxd5 Na5 17. h3 Be6 18. Nxf6+ gxf6 19. d5 Bd7 20. g4 Nc4 21. Ne4 Kh8 22. Nxf6 Nxe3 23. Qh4 Kg7 24. Qxh7+ Kf8 25. d6 Qxf6 26. Rxf6 1-0

[Event "January 2 Late 2024"]
[Site "https://www.chess.com"]
[Date "2024.01.02"]
[Round "2"]
[White "Korol, Dimitry"]
[Black "Gulamali, Kazim"]
[Result "1-0"]
[Board "169"]
[TimeControl "180+1"]
[WhiteFideId "14108003"]
[BlackFideId "2024764"]
[WhiteElo "2321"]
[BlackElo "2509"]
[WhiteTeam "UKR"]
[BlackTeam "USA"]
[WhiteClock "0:00:41"]
[BlackClock "0:00:19"]

1. d4 Nf6 2. c4 e6 3. Nc3 d5 4. Bg5 Be7 5. cxd5 exd5 6. e3 c6 7. Bd3 Nbd7 8. Qc2 h6 9. Bh4 O-O 10. Nge2 b6 11. f3 Bb7 12. O-O c5 13. Rad1 Rc8 14. Bf2 a6 15. h3 b5 16. Qd2 b4 17. Na4 c4 18. Bb1 Bc6 19. b3 Bxa4 20. bxa4 Qa5 21. e4 Qxa4 22. e5 Ne8 23. Rc1 Nc7 24. f4 Nb5 25. f5 Bg5 26. Be3 f6 27. e6 Nb8 28. Bxg5 hxg5 29. h4 gxh4 30. Qf4 Qa3 31. Rf3 Qb2 32. Re1 g5 33. fxg6 Kg7 34. Qxh4 Nc6 35. Qh7# 1-0

[Event "January 2 Late 2024"]
[Site "https://www.chess.com"]
[Date "2024.01.02"]
[Round "2"]
[White "Wendt, Jan-Dietrich"]
[Black "Reprintsev, Alexander"]
[Result "1-0"]
[Board "170"]
[TimeControl "180+1"]
[WhiteFideId "4623797"]
[BlackFideId "14100541"]
[WhiteElo "2321"]
[BlackElo "2509"]
[WhiteTeam "GER"]
[BlackTeam "UKR"]
[WhiteClock "0:00:25"]
[BlackClock "0:00:39"]

1. Nf3 d5 2. c4 dxc4 3. e3 Nc6 4. Bxc4 e5 5. d4 e4 6. Nfd2 Qg5 7. g3 Bh3 8. Nxe4 Qg6 9. f3 O-O-O 10. Nbc3 h5 11. Qb3 Nh6 12. Bd2 Bg2 13. Kf2 Bxh1 14. Rxh1 Na5 15. Qa4 Nxc4 16. Qxc4 a6 17. b4 Nf5 18. a4 Nd6 19. Nxd6+ Qxd6 20. b5 h4 21. Ne4 Qe6 22. Qxe6+ fxe6 23. g4 e5 24. dxe5 Rd5 25. bxa6 bxa6 26. Bc3 a5 27. f4 Bb4 28. Bd4 h3 29. Rc1 Kb7 30. Kf3 Rhd8 31. f5 c6 32. e6 Be7 33. Bxg7 Rd1 34. Rxd1 Rxd1 35. f6 Ba3 36. e7 1-0

[Event "January 2 Late 2024"]
[Site "https://www.chess.com"]
[Date "2024.01.02"]
[Round "2"]
[White "Tifferet, Shakked"]
[Black "Travadon, Loic"]
[Result "1-0"]
[Board "171"]
[TimeControl "180+1"]
[WhiteFideId "2811529"]
[BlackFideId "26092131"]
[WhiteElo "2508"]
[BlackElo "2321"]
[WhiteTeam "ISR"]
[BlackTeam "FRA"]
[WhiteClock "0:00:50"]
[BlackClock "0:00:18"]

1. d4 Nf6 2. Nc3 d5 3. Bf4 e6 4. Nb5 Na6 5. e3 c6 6. Nc3 Bd6 7. Bxd6 Qxd6 8. Nf3 Nb8 9. Bd3 Nbd7 10. O-O e5 11. dxe5 Nxe5 12. Nxe5 Qxe5 13. e4 O-O 14. exd5 Nxd5 15. Nxd5 Qxd5 16. Qe2 Qe6 17. Rfe1 Qxe2 18. Rxe2 Be6 19. a4 a5 20. f4 Rfe8 21. Rae1 Bd7 22. Re7 Rxe7 23. Rxe7 Rd8 24. Bc4 Be6 25. Bxe6 fxe6 26. Rxb7 Rd1+ 27. Kf2 Rd2+ 28. Kf3 Rxc2 29. h4 h5 30. g4 Rc4 31. g5 Rxa4 32. g6 Rb4 33. Ra7 Kf8 34. Rxa5 Rxb2 35. Ra7 Rb8 36. Rc7 Rb3+ 37. Ke4 Rh3 38. Ke5 Re3+ 39. Kd6 c5 40. Rc8# 1-0

[Event "January 2 Late 2024"]
[Site "https://www.chess.com"]
[Date "2024.01.02"]
[Round "2"]
[White "Romero Ruscalleda, Josep"]
[Black "Jaiveer Mahendru"]
[Result "0-1"]
[Board "172"]
[TimeControl "180+1"]
[WhiteFideId "2231859"]
[BlackFideId "25611151"]
[WhiteElo "2318"]
[BlackElo "2506"]
[WhiteTeam "ESP"]
[BlackTeam "IND"]
[WhiteClock "0:00:00"]
[BlackClock "0:00:55"]

1. e4 c5 2. c3 d5 3. exd5 Qxd5 4. Nf3 Nf6 5. Na3 Nc6 6. Bc4 Qd8 7. O-O e6 8. Nc2 Be7 9. d4 cxd4 10. Ncxd4 Nxd4 11. Nxd4 O-O 12. h3 a6 13. Bf4 b5 14. Bd3 Bb7 15. Qe2 h6 16. Rfd1 Qd5 17. Nf3 Qh5 18. Ne5 Qxe2 19. Bxe2 Rfd8 20. Be3 Nd5 21. Bd4 Nf4 22. Bf1 f6 23. Nd3 Nxd3 24. Bxd3 e5 25. Be3 Kf7 26. Bb6 Rd5 27. Bc2 Rd6 28. Bb3+ Ke8 29. Bc7 Rd7 30. Bb6 Rd6 31. Ba5 Rc8 32. Kf1 Be4 33. Rxd6 Bxd6 34. Rd1 Ke7 35. Kg1 Bb7 36. Bd5 Bxd5 37. Rxd5 Ke6 38. Rd2 Rc4 39. a3 Re4 40. f3 Re1+ 41. Kf2 Rb1 42. Bb4 Bc7 43. Re2 Bb6+ 44. Kg3 h5 45. Kh4 g6 46. g4 Rg1 47. Rd2 Kf7 48. b3 Be3 49. Rd7+ Ke8 50. Re7+ Kd8 0-1

[Event "January 2 Late 2024"]
[Site "https://www.chess.com"]
[Date "2024.01.02"]
[Round "2"]
[White "Stojanovski, Sandi"]
[Black "Achuthan, Aryan"]
[Result "1/2-1/2"]
[Board "173"]
[TimeControl "180+1"]
[WhiteFideId "1403249"]
[BlackFideId "30982294"]
[WhiteElo "2506"]
[BlackElo "2315"]
[WhiteTeam "DEN"]
[BlackTeam "USA"]
[WhiteClock "0:00:15"]
[BlackClock "0:00:12"]

1. d4 d5 2. c4 e6 3. Nc3 Be7 4. cxd5 exd5 5. Nf3 c6 6. Qc2 Nf6 7. Bg5 O-O 8. e3 Nbd7 9. Bd3 Re8 10. O-O Nf8 11. h3 g6 12. Rab1 a5 13. a3 Ne6 14. Bxf6 Bxf6 15. b4 axb4 16. axb4 Qd6 17. Rfd1 Bd7 18. b5 c5 19. dxc5 Qxc5 20. Ne2 Rec8 21. Qxc5 Rxc5 22. Ned4 b6 23. Nc6 Bxc6 24. bxc6 Rxc6 25. e4 Nc5 26. exd5 Rd6 27. Bb5 Rad8 28. Bc6 Ne4 29. Rxb6 Nc3 30. Rd3 Nxd5 31. Rb5 Ne7 32. Rxd6 Rxd6 33. Be4 Kg7 34. g3 h5 35. Kg2 Re6 36. Bd3 Rd6 37. Rb3 Nd5 38. Be4 Nc7 39. Bd3 Ne6 40. Bc4 Nd4 41. Nxd4 Rxd4 42. Bd3 Be7 43. h4 Bc5 44. Rc3 Bb4 45. Rb3 Bc5 46. Be2 Rd2 47. Bf3 Rxf2+ 48. Kh3 Rd2 49. Rc3 Be7 50. Re3 Bd6 51. Re2 Rd3 52. Kg2 Rd4 53. Re4 Rxe4 54. Bxe4 Kf6 55. Kf3 Ke5 56. Bc2 Kf6 57. Bb3 Be5 58. Bc4 Bc3 59. g4 Be1 60. gxh5 gxh5 61. Kg2 Bxh4 62. Be2 Kg5 63. Kh3 Be1 64. Bc4 f6 65. Bd5 Bd2 66. Be6 Bf4 67. Bc8 Be5 68. Bd7 Bd6 69. Bc8 Bb4 70. Bd7 Be1 71. Bc8 Kf4 72. Bd7 Kf3 73. Be8 h4 74. Bd7 Bg3 75. Bc8 Ke4 76. Bd7 Ke5 77. Bg4 Kf4 78. Bc8 f5 79. Bxf5 Kxf5 80. Kg2 Kg4 81. Kh1 Kh3 82. Kg1 Bh2+ 83. Kh1 Be5 84. Kg1 Bc7 85. Kh1 Kg3 86. Kg1 h3 87. Kh1 Bb6 1/2-1/2

[Event "January 2 Late 2024"]
[Site "https://www.chess.com"]
[Date "2024.01.02"]
[Round "2"]
[White "Baules Rodriguez, Jorge Luis"]
[Black "Arias Igual, Alejandro"]
[Result "0-1"]
[Board "174"]
[TimeControl "180+1"]
[WhiteFideId "6600247"]
[BlackFideId "2254905"]
[WhiteElo "2505"]
[BlackElo "2313"]
[WhiteTeam "PAN"]
[BlackTeam "ESP"]
[WhiteClock "0:00:44"]
[BlackClock "0:00:26"]

1. e4 c5 2. Nf3 g6 3. d4 cxd4 4. c3 Nf6 5. e5 Nd5 6. cxd4 Bg7 7. Bc4 Nb6 8. Bb3 O-O 9. O-O Nc6 10. Nc3 d6 11. Bf4 Bg4 12. exd6 exd6 13. Be3 d5 14. h3 Bxf3 15. Qxf3 Nxd4 16. Bxd4 Bxd4 17. Nxd5 Bxb2 18. Rab1 Bg7 19. Nxb6 axb6 20. Qxb7 Qb8 21. Qf3 Qe5 22. Rfe1 Qf6 23. Qe3 Qd4 24. Qe7 h5 25. Rbd1 Qf6 26. Rd7 Ra5 27. Qb4 Rf5 28. Rd6 Qc3 29. Qe4 Re5 30. Qxe5 Bxe5 31. Rxg6+ Kh7 0-1

[Event "January 2 Late 2024"]
[Site "https://www.chess.com"]
[Date "2024.01.02"]
[Round "2"]
[White "Fernandez Siles, Luis"]
[Black "Shuvalov, Evgenij"]
[Result "0-1"]
[Board "175"]
[TimeControl "180+1"]
[WhiteFideId "2209420"]
[BlackFideId "4187237"]
[WhiteElo "2309"]
[BlackElo "2502"]
[WhiteTeam "ESP"]
[BlackTeam "FID"]
[WhiteClock "0:00:34"]
[BlackClock "0:01:33"]

1. e4 e6 2. d4 d5 3. e5 c5 4. c3 Nc6 5. Nf3 Qb6 6. a3 Bd7 7. b4 cxd4 8. cxd4 Rc8 9. Be3 Nh6 10. Bd3 Ng4 11. O-O Nxe3 12. fxe3 Be7 13. Nbd2 Nb8 14. Nb3 Ba4 15. Qb1 Bxb3 16. Qxb3 O-O 17. Rac1 Nd7 18. Rc2 Rc7 19. Rfc1 Rfc8 20. Rxc7 Rxc7 21. Rxc7 Qxc7 22. Qc2 Qxc2 23. Bxc2 Nb6 24. Nd2 Nc4 25. Nxc4 dxc4 26. Kf2 b5 27. e4 Kf8 28. d5 Bg5 29. a4 a6 30. axb5 axb5 31. Ke2 Bf4 32. g3 Bxe5 33. dxe6 fxe6 34. Kd2 Ke7 35. Bd1 Kd6 36. Bg4 Bd4 37. Bh3 Bg1 0-1

[Event "January 2 Late 2024"]
[Site "https://www.chess.com"]
[Date "2024.01.02"]
[Round "2"]
[White "Kornyukov, Alexey"]
[Black "Goncalves, Davi Sulzbacher"]
[Result "0-1"]
[Board "176"]
[TimeControl "180+1"]
[WhiteFideId "4150457"]
[BlackFideId "2154510"]
[WhiteElo "2307"]
[BlackElo "2501"]
[WhiteTeam "RUS"]
[BlackTeam "BRA"]
[WhiteClock "0:00:00"]
[BlackClock "0:00:06"]

1. d4 Nf6 2. c4 c5 3. d5 e6 4. Nc3 exd5 5. cxd5 g6 6. e4 d6 7. f3 Bg7 8. Bg5 O-O 9. Qd2 a6 10. a4 Re8 11. Ra3 Nbd7 12. Nh3 Ne5 13. Nf2 Qc7 14. Be2 Rb8 15. O-O h5 16. h3 Nh7 17. Be3 Nd7 18. Rb1 b6 19. b4 f5 20. bxc5 bxc5 21. Rab3 Rxb3 22. Rxb3 Ndf6 23. Bc4 fxe4 24. Ncxe4 Nxe4 25. Nxe4 Nf6 26. Ng5 Qe7 27. Ne6 Bxe6 28. dxe6 Rd8 29. Rd3 d5 30. Bxd5 Nxd5 31. Rxd5 Rb8 32. Bxc5 Rb1+ 33. Kh2 Qxe6 34. f4 Kh7 35. Rd7 Qf5 36. Bd4 Qxd7 37. Qc2 Qxd4 38. Qxb1 Qxf4+ 39. Kh1 Be5 40. Qb7+ Kh6 41. Kg1 Qe3+ 42. Kf1 Qc1+ 43. Ke2 Qc2+ 44. Kf3 Qd3+ 45. Kf2 Bd4+ 46. Ke1 Qe3+ 47. Kd1 Qg1+ 48. Kd2 Qf2+ 49. Kd3 Qe3+ 50. Kc4 Qc3+ 51. Kd5 Bg7 52. Ke6 Qe5+ 53. Kf7 Qf6+ 54. Ke8 Qf8+ 55. Kd7 Qf7+ 56. Kc6 Qxb7+ 57. Kxb7 a5 58. Kb6 Bc3 59. Kc5 Kg5 60. Kc4 Bb4 61. Kd4 Kf4 62. g4 h4 63. g5 Kxg5 0-1

[Event "January 2 Late 2024"]
[Site "https://www.chess.com"]
[Date "2024.01.02"]
[Round "2"]
[White "xakevicius91"]
[Black "SkinnyPuppy8"]
[Result "1-0"]
[Board "177"]
[TimeControl "180+1"]
[WhiteElo "2501"]
[BlackElo "2304"]
[WhiteClock "0:01:15"]
[BlackClock "0:01:04"]

1. e4 d5 2. exd5 Nf6 3. Nf3 Bg4 4. Bb5+ Nbd7 5. c4 a6 6. Ba4 e6 7. dxe6 Bxe6 8. O-O Bxc4 9. Re1+ Be7 10. d3 Bd5 11. Nc3 Bxf3 12. Qxf3 O-O 13. d4 Nb6 14. Bb3 c6 15. Bg5 h6 16. Bh4 Re8 17. Rad1 Nbd5 18. Nxd5 cxd5 19. Bxf6 Bxf6 20. Bxd5 Rxe1+ 21. Rxe1 Rb8 22. g3 Qd7 23. b3 b6 24. Bc6 Qd6 25. Rd1 Bxd4 26. Bd5 Qf6 27. Bxf7+ Kxf7 28. Qd5+ Kf8 29. Rxd4 Re8 30. Rf4 1-0

[Event "January 2 Late 2024"]
[Site "https://www.chess.com"]
[Date "2024.01.02"]
[Round "2"]
[White "Zampronha, Wladimir Camilo"]
[Black "Wartiovaara, Oliver"]
[Result "1-0"]
[Board "178"]
[TimeControl "180+1"]
[WhiteFideId "2103087"]
[BlackFideId "513024"]
[WhiteElo "2303"]
[BlackElo "2500"]
[WhiteTeam "BRA"]
[BlackTeam "FIN"]
[WhiteClock "0:00:05"]
[BlackClock "0:00:07"]

1. e4 e6 2. d4 d5 3. Nc3 Bb4 4. e5 c5 5. a3 Bxc3+ 6. bxc3 Qc7 7. Qg4 Ne7 8. Qxg7 Rg8 9. Qxh7 cxd4 10. Ne2 dxc3 11. f4 Nbc6 12. Qd3 Bd7 13. Nxc3 O-O-O 14. Nb5 Qb6 15. Rb1 Kb8 16. c3 Na5 17. Nd6 Nb3 18. Be3 d4 19. Bxd4 Bb5 20. Qxb5 Qxb5 21. Nxb5 Nxd4 22. cxd4 Nf5 23. Rd1 a6 24. Nd6 Nxd6 25. exd6 Rxd6 26. g3 Rgd8 27. Bg2 Rb6 28. O-O Rb2 29. d5 exd5 30. Bxd5 Re8 31. Rfe1 Rd8 32. Bxf7 Rc8 33. Rc1 Rd8 34. Red1 Rf8 35. Bd5 Re8 36. Bf3 Re7 37. h4 Rg7 38. g4 Rf7 39. f5 Rh7 40. h5 Rg7 41. Rf1 Rb3 42. Rf2 Re7 43. h6 Rxa3 44. g5 Ra5 45. g6 Rxf5 46. g7 Rg5+ 47. Rg2 Rxg2+ 48. Kxg2 1-0

[Event "January 2 Late 2024"]
[Site "https://www.chess.com"]
[Date "2024.01.02"]
[Round "2"]
[White "Makaraci, Tunahan"]
[Black "Skurikhin, Dmitrij"]
[Result "1-0"]
[Board "179"]
[TimeControl "180+1"]
[WhiteFideId "6356559"]
[BlackFideId "4161297"]
[WhiteElo "2500"]
[BlackElo "2296"]
[WhiteTeam "TUR"]
[BlackTeam "RUS"]
[WhiteClock "0:00:24"]
[BlackClock "0:00:12"]

1. e4 c6 2. d4 d5 3. exd5 cxd5 4. c4 Nf6 5. Nc3 e6 6. Nf3 Nc6 7. c5 Be7 8. Bg5 O-O 9. Bb5 Bd7 10. O-O Ne4 11. Bxe7 Qxe7 12. Rc1 f5 13. Bxc6 Bxc6 14. Ne5 Be8 15. f3 Nf6 16. Qd2 b6 17. b4 a5 18. a3 axb4 19. axb4 bxc5 20. bxc5 Nd7 21. Rfe1 Nxe5 22. Rxe5 Bf7 23. Nxd5 Qd8 24. Nb6 Ra3 25. Re3 Qg5 26. Nc4 Ra4 27. Nd6 Rfa8 28. Rb1 Ra2 29. Qxa2 Qxe3+ 30. Qf2 Qd3 31. Re1 Ra4 32. Qh4 Qxd4+ 33. Qxd4 Rxd4 34. Ra1 g5 35. Ra8+ Kg7 36. Ra7 Rd1+ 37. Kf2 Rc1 38. Rxf7+ Kg6 39. Rc7 e5 40. c6 Kf6 41. Nb5 Ke6 42. Rc8 f4 43. c7 Rc2+ 44. Ke1 Kd7 45. Rd8+ Ke7 46. c8=Q 1-0

[Event "January 2 Late 2024"]
[Site "https://www.chess.com"]
[Date "2024.01.02"]
[Round "2"]
[White "Skaric, Djuro"]
[Black "N_Mullodzhanov"]
[Result "0-1"]
[Board "180"]
[TimeControl "180+1"]
[WhiteFideId "934569"]
[WhiteElo "2292"]
[BlackElo "2499"]
[WhiteTeam "SRB"]
[WhiteClock "0:00:00"]
[BlackClock "0:00:05"]

1. g3 d5 2. Bg2 c6 3. d3 Nf6 4. Nf3 Bf5 5. O-O e6 6. Nc3 Nbd7 7. h3 h5 8. Nd4 Bg6 9. e4 Bc5 10. Nb3 Bb6 11. Qe2 O-O 12. Bg5 Qc7 13. Kh2 Nh7 14. Bf4 e5 15. Bd2 d4 16. Nd1 Nc5 17. f4 f6 18. Kh1 Bf7 19. Nc1 a5 20. f5 a4 21. Nf2 Ba5 22. g4 Bxd2 23. Qxd2 h4 24. Ne2 b5 25. Ng1 Qa5 26. c3 Ng5 27. Qc1 b4 28. cxd4 exd4 29. Nf3 Nxf3 30. Bxf3 Nd7 31. g5 Ne5 32. Be2 fxg5 33. Qxg5 Qd8 34. Qg2 Qf6 35. Rg1 Ra7 36. Qg5 Qxg5 37. Rxg5 Re8 38. Bh5 a3 39. b3 Bxh5 40. Rxh5 Nf3 41. Rc1 Rc7 42. Kg2 Nd2 43. Rxh4 Ra8 44. Rg4 c5 45. e5 Re7 46. e6 Kf8 47. Ne4 Nxe4 48. Rxe4 Rc8 49. Kf3 Rec7 50. Kf4 Ke7 51. Ke5 Rc6 52. Rg4 Kf8 53. Rcg1 R8c7 54. f6 gxf6+ 55. Kxf6 Rf7+ 56. Ke5 Rh7 57. Kd5 Ra6 58. R1g3 Rh5+ 59. Rg5 Rh7 60. Re5 Ke7 61. Kxc5 Ra5+ 62. Kxd4 Ra6 63. Rge3 Rh8 64. R5e4 Rd6+ 65. Ke5 Rf8 66. d4 Rfd8 67. Kf4 Rg8 68. Kf3 Rd5 69. Ke2 Rg2+ 70. Kd3 Rxa2 71. Rf4 Rd8 72. Rf7+ Kd6 73. Ra7 Rb2 74. Kc4 a2 75. Kxb4 Rb8+ 76. Kc3 R8xb3+ 77. Kc4 Rxe3 78. d5 Rc2+ 79. Kd4 Rc7 0-1

[Event "January 2 Late 2024"]
[Site "https://www.chess.com"]
[Date "2024.01.02"]
[Round "2"]
[White "Dobre, Claudiu-Cristian"]
[Black "Lalanne, Pablo"]
[Result "1-0"]
[Board "181"]
[TimeControl "180+1"]
[WhiteFideId "1211854"]
[BlackFideId "112151"]
[WhiteElo "2499"]
[BlackElo "2292"]
[WhiteTeam "ROU"]
[BlackTeam "ARG"]
[WhiteClock "0:02:03"]
[BlackClock "0:01:27"]

1. d4 d5 2. Nf3 e6 3. e3 c5 4. c3 Nc6 5. Nbd2 Nf6 6. Bd3 Bd6 7. O-O O-O 8. dxc5 Bxc5 9. e4 dxe4 10. Nxe4 Nxe4 11. Bxe4 Qxd1 12. Rxd1 Rd8 13. Bf4 Bd7 14. Bc7 f5 15. Bxd8 fxe4 16. Rxd7 exf3 17. Bc7 fxg2 18. b4 Bf8 19. Re1 Re8 20. b5 Nb8 21. Bxb8 Rxb8 22. Rxe6 Rc8 23. Rxb7 Rxc3 24. Re8 1-0

[Event "January 2 Late 2024"]
[Site "https://www.chess.com"]
[Date "2024.01.02"]
[Round "2"]
[White "Nechitaylo, Nikita"]
[Black "Perez Rodriguez, Jennifer"]
[Result "1-0"]
[Board "182"]
[TimeControl "180+1"]
[WhiteFideId "34138161"]
[BlackFideId "3507831"]
[WhiteElo "2291"]
[BlackElo "2496"]
[WhiteTeam "UKR"]
[BlackTeam "PAR"]
[WhiteClock "0:01:16"]
[BlackClock "0:02:03"]

1. d4 d5 2. c4 c6 3. cxd5 cxd5 4. Bf4 Nc6 5. e3 Nf6 6. Nc3 a6 7. Be2 Bf5 8. g4 Be4 9. f3 Bg6 10. Qb3 Qd7 11. g5 Nh5 12. Nxd5 Nxd4 13. exd4 Nxf4 14. Nxf4 Qxd4 15. Rd1 Qxf4 16. Qb5+ 1-0

[Event "January 2 Late 2024"]
[Site "https://www.chess.com"]
[Date "2024.01.02"]
[Round "2"]
[White "Tao, Sihan"]
[Black "Gonzalez Zharikov, Andrey"]
[Result "1-0"]
[Board "183"]
[TimeControl "180+1"]
[WhiteFideId "30982677"]
[BlackFideId "5145287"]
[WhiteElo "2496"]
[BlackElo "2290"]
[WhiteTeam "USA"]
[BlackTeam "MEX"]
[WhiteClock "0:01:34"]
[BlackClock "0:00:12"]

1. e4 c6 2. Nc3 d5 3. Nf3 dxe4 4. Nxe4 Nf6 5. Qe2 Nxe4 6. Qxe4 Nd7 7. Bc4 Nf6 8. Ne5 e6 9. Qe2 Qc7 10. d4 Bd6 11. O-O O-O 12. Nf3 b6 13. c3 Bb7 14. Bg5 Nd5 15. Bd3 Nf4 16. Bxf4 Bxf4 17. Ne5 g6 18. Rad1 Bh6 19. Be4 Bg7 20. Bf3 Rac8 21. Nc4 Rfd8 22. Ne3 Qb8 23. Rfe1 Qa8 24. Qc4 a5 25. a4 Qa6 26. Qxa6 Bxa6 27. Be2 Bb7 28. Nc4 Rb8 29. Nxb6 Bc8 30. Nc4 Ba6 31. Nxa5 Bb7 32. Nxb7 Rxb7 33. b4 1-0

[Event "January 2 Late 2024"]
[Site "https://www.chess.com"]
[Date "2024.01.02"]
[Round "2"]
[White "Bazzano, Sebastian"]
[Black "Balla, Tamas-Kristof"]
[Result "1-0"]
[Board "184"]
[TimeControl "180+1"]
[WhiteFideId "104566"]
[BlackFideId "1208497"]
[WhiteElo "2290"]
[BlackElo "2495"]
[WhiteTeam "ARG"]
[BlackTeam "ROU"]
[WhiteClock "0:01:12"]
[BlackClock "0:00:20"]

1. d4 d5 2. Bf4 Nf6 3. e3 e6 4. Nf3 Bd6 5. Ne5 O-O 6. Nd2 c5 7. c3 b6 8. Bd3 Ba6 9. Bxa6 Nxa6 10. O-O Nb8 11. Bg3 Qc7 12. f4 Nc6 13. Qe2 Nd7 14. Qg4 Rae8 15. Rae1 f6 16. Nxc6 Qxc6 17. Nf3 f5 18. Qh3 h6 19. Ne5 Bxe5 20. fxe5 Qb5 21. Rf2 Rf7 22. Qh5 Nf8 23. h3 Nh7 24. Bf4 Ref8 25. Ref1 a5 26. Kh1 Qc6 27. Qg6 Kh8 28. g4 fxg4 29. Bxh6 Qe8 30. Rxf7 Rxf7 31. Rxf7 1-0

[Event "January 2 Late 2024"]
[Site "https://www.chess.com"]
[Date "2024.01.02"]
[Round "2"]
[White "Mesquita, Eduardo Barbosa"]
[Black "Coelho, Ramyres Santana"]
[Result "0-1"]
[Board "185"]
[TimeControl "180+1"]
[WhiteFideId "22757163"]
[BlackFideId "2120690"]
[WhiteElo "2494"]
[BlackElo "2286"]
[WhiteTeam "BRA"]
[BlackTeam "BRA"]
[WhiteClock "0:00:00"]
[BlackClock "0:00:24"]

1. e4 c5 2. Nf3 d6 3. d4 cxd4 4. Nxd4 Nf6 5. Nc3 a6 6. f3 e6 7. Be3 b5 8. g4 Bb7 9. Qd2 Nbd7 10. g5 Nh5 11. O-O-O Rc8 12. Bh3 Ne5 13. Qe2 Nc4 14. Bxe6 fxe6 15. Nxe6 Qe7 16. f4 Qxe6 17. Qxh5+ g6 18. Qf3 Nxe3 19. Qxe3 b4 20. Nd5 Bxd5 21. Rxd5 Be7 22. f5 gxf5 23. Rxf5 Qxa2 24. Qd4 Qa1+ 25. Kd2 Qxh1 26. Qxh8+ Kd7 27. Qxh7 Qxe4 28. c3 bxc3+ 29. bxc3 Rb8 30. Rf7 Rb2+ 31. Kc1 Rb1+ 32. Kd2 Qd5+ 33. Ke3 Qxg5+ 34. Kd3 Rd1+ 35. Ke2 Rd2+ 36. Kf3 Qg2+ 37. Kf4 Rf2+ 38. Ke3 Rxf7 39. Qxf7 Qg1+ 40. Kd3 Qxh2 41. Qf5+ Kd8 42. Qa5+ Ke8 43. Qxa6 Qh3+ 44. Kd2 Bg5+ 45. Kc2 Qg2+ 46. Kb3 Qd5+ 47. Kc2 Qe4+ 48. Kb3 Qb1+ 49. Kc4 Qf1+ 0-1

[Event "January 2 Late 2024"]
[Site "https://www.chess.com"]
[Date "2024.01.02"]
[Round "2"]
[White "Antonio, Jorge Carlos"]
[Black "Play, Gilles"]
[Result "0-1"]
[Board "186"]
[TimeControl "180+1"]
[WhiteFideId "113190"]
[BlackFideId "45130892"]
[WhiteElo "2285"]
[BlackElo "2494"]
[WhiteTeam "ARG"]
[BlackTeam "FRA"]
[WhiteClock "0:00:42"]
[BlackClock "0:00:36"]

1. e4 c5 2. Nf3 d6 3. Bb5+ Nd7 4. d3 Nf6 5. Nc3 g6 6. O-O Bg7 7. e5 dxe5 8. Nxe5 O-O 9. Nxd7 Bxd7 10. Bxd7 Qxd7 11. Re1 Rfe8 12. Bf4 Rad8 13. Qf3 b5 14. Rad1 b4 15. Ne4 Nxe4 16. Qxe4 Bxb2 17. Qc4 Qd4 18. Qxd4 Bxd4 19. Be3 e5 20. f3 a5 21. g4 f5 22. Kg2 f4 23. Bf2 a4 24. Bh4 Rd6 25. Re4 Kf7 26. Rde1 Rb6 27. Rb1 Reb8 28. Be1 b3 29. axb3 axb3 30. c3 Be3 31. Bf2 Bxf2 32. Kxf2 Kf6 33. Rc4 Ra6 34. h4 b2 35. Re4 Ra1 36. Ree1 Rxb1 37. Rxb1 c4 38. dxc4 Ke6 39. Ke2 Kd6 40. Kd3 Kc5 41. Kc2 Kxc4 42. Rxb2 Rxb2+ 43. Kxb2 e4 44. fxe4 f3 45. Kc2 f2 46. Kd2 f1=Q 0-1

[Event "January 2 Late 2024"]
[Site "https://www.chess.com"]
[Date "2024.01.02"]
[Round "2"]
[White "Minina, Veronika"]
[Black "Hernando Rodrigo, Julio Antonio"]
[Result "0-1"]
[Board "187"]
[TimeControl "180+1"]
[WhiteFideId "4174780"]
[BlackFideId "2208350"]
[WhiteElo "2284"]
[BlackElo "2493"]
[WhiteTeam "RUS"]
[BlackTeam "ESP"]
[WhiteClock "0:00:02"]
[BlackClock "0:01:07"]

1. Nf3 g6 2. g3 Bg7 3. Bg2 e5 4. d3 Nc6 5. O-O Nge7 6. c4 O-O 7. Nc3 d6 8. Rb1 h6 9. b4 Be6 10. b5 Nd4 11. Bd2 c5 12. bxc6 bxc6 13. Rb7 Nef5 14. Qc1 Qc8 15. Qb1 Nxf3+ 16. Bxf3 Nd4 17. Bg2 Bh3 18. e3 Bxg2 19. Kxg2 Ne6 20. Ne4 Rd8 21. Qb4 d5 22. Nd6 Rxd6 23. Rb1 Rd7 24. cxd5 cxd5 25. Rb5 Qc2 26. Rc1 Qxd3 27. Rb8+ Rxb8 28. Qxb8+ Rd8 29. Qb4 Qe4+ 30. Qxe4 dxe4 31. Ba5 Rd7 32. Rc8+ Kh7 33. h4 Bf8 34. g4 Be7 35. h5 gxh5 36. gxh5 Bd8 37. Bc3 Rc7 0-1

[Event "January 2 Late 2024"]
[Site "https://www.chess.com"]
[Date "2024.01.02"]
[Round "2"]
[White "Olsson, Linus"]
[Black "Kekic, Armin"]
[Result "0-1"]
[Board "188"]
[TimeControl "180+1"]
[WhiteFideId "1706098"]
[BlackFideId "14401274"]
[WhiteElo "2491"]
[BlackElo "2284"]
[WhiteTeam "SWE"]
[BlackTeam "BIH"]
[WhiteClock "0:00:03"]
[BlackClock "0:00:11"]

1. d4 d6 2. c4 e5 3. Nf3 Nc6 4. d5 Nce7 5. e4 Ng6 6. Nc3 Be7 7. g3 Nf6 8. Bg2 a5 9. h3 b6 10. Be3 h6 11. Qc2 Nh7 12. O-O-O O-O 13. Nd2 Bd7 14. f4 exf4 15. gxf4 Nh4 16. Rdg1 Kh8 17. Nf3 Rg8 18. e5 Bf5 19. Qd2 Qd7 20. Nxh4 Bxh4 21. Be4 Rae8 22. Qc2 Bxe4 23. Qxe4 dxe5 24. fxe5 Bg5 25. h4 Bxe3+ 26. Qxe3 Qf5 27. Re1 Re7 28. Qe4 Qh5 29. Qf4 Rge8 30. e6 fxe6 31. dxe6 Rxe6 32. Rxe6 Rxe6 33. Qxc7 Nf6 34. a3 Qf3 35. Rd1 Rc6 36. Qf7 Qf4+ 37. Kb1 Qxc4 38. Qxc4 Rxc4 39. Rd6 Rxh4 40. Rxb6 Rf4 41. Ra6 h5 42. Rxa5 h4 43. Re5 h3 44. Re1 g5 45. a4 Rg4 46. Rh1 Rh4 47. a5 g4 48. Ne2 Kg7 49. a6 Rh8 50. Nd4 Ra8 51. Nf5+ Kg6 52. Ne7+ Kg5 53. Rf1 Ne4 54. Rf5+ Kh4 55. Ng6+ Kg3 56. Ne5 h2 57. Kc2 h1=Q 58. Rg5 Qg2+ 59. Kb3 Rb8+ 60. Ka4 Qxb2 61. Rxg4+ Kh3 62. Rxe4 Qb3+ 63. Ka5 Qb5# 0-1

[Event "January 2 Late 2024"]
[Site "https://www.chess.com"]
[Date "2024.01.02"]
[Round "2"]
[White "Garcia Almaguer, Juan Manuel"]
[Black "Nithyalakshmi, Sivanesan"]
[Result "1-0"]
[Board "189"]
[TimeControl "180+1"]
[WhiteFideId "5110491"]
[BlackFideId "5706955"]
[WhiteElo "2490"]
[BlackElo "2278"]
[WhiteTeam "MEX"]
[BlackTeam "MAS"]
[WhiteClock "0:00:36"]
[BlackClock "0:00:05"]

1. e4 e6 2. d4 d5 3. e5 Bd7 4. f4 Nh6 5. Nf3 Nf5 6. Bd3 Nh4 7. O-O Nxf3+ 8. Qxf3 c5 9. f5 cxd4 10. fxe6 Bxe6 11. Na3 Nc6 12. Qg3 a6 13. Kh1 Qd7 14. Bg5 h6 15. Qh4 Be7 16. Bxe7 Qxe7 17. Qf4 Kd8 18. Rae1 Kc7 19. Nb1 g5 20. Qf2 h5 21. Nd2 g4 22. Nb3 h4 23. Nxd4 Nxd4 24. Qxd4 Rag8 25. c4 dxc4 26. Bxc4 g3 27. Bxe6 Qxe6 28. Rf6 Qe7 29. Qc4+ Kb8 30. Rxf7 Qg5 31. Qc7+ Ka8 32. Qxb7# 1-0